 Dungeon Crawl Stone Soup version 0.27-a0-1154-gfdeffcb720 (webtiles) character file.

Game seed: 7738899822252723494

6559 Azzok the Cleaver (level 10, -5/70 HPs)
             Began as a Demonspawn Berserker on May 14, 2021.
             Was an Elder of Trog.
             Slain by a centaur warrior
             ... wielding a +0 quarterstaff
              (9 damage)
             ... on level 9 of the Dungeon.
             The game lasted 00:06:39 (7044 turns).

Azzok the Cleaver (Demonspawn Berserker)            Turns: 7044, Time: 00:06:40

Health: -5/70      AC: 18    Str: 21    XL:     10   Next: 70%
Magic:  10/10      EV:  6    Int:  8    God:    Trog [****..]
Gold:   264        SH:  0    Dex: 13    Spells: 9/9 levels left

rFire    . . .     SeeInvis .   C - +1 war axe (venom)
rCold    . . .     Faith    .   (no shield)
rNeg     . . .     Spirit   .   B - +0 plate armour
rPois    .         Reflect  .   x - +0 helmet
rElec    .         Harm     .   k - +0 cloak
rCorr    .         Rampage  .   h - +0 pair of gloves
Will     .....     Clarity  +   (no boots)
Stlth    ..........             (no amulet)
HPRegen  0.21/turn              a - +4 ring of protection
MPRegen  0.12/turn              (no ring)

@: on berserk cooldown, slowed, very slow
A: hooves 1, powered by death 1, condensation shield, clarity, deterioration 1
a: Renounce Religion, Berserk, Trog's Hand, Brothers in Arms


You were on level 9 of the Dungeon.
You worshipped Trog.
Trog was greatly pleased with you.
You visited 1 branch of the dungeon, and saw 9 of its levels.

You collected 264 gold pieces.

Inventory:

Hand Weapons
 v - a +5 vorpal dire flail
 C - a +1 war axe of venom (weapon)
 D - a +1 dagger of electrocution
Missiles
 i - a throwing net
 t - 3 curare-tipped darts
Armour
 h - a +0 pair of gloves (worn)
 k - a +0 cloak (worn)
 x - a +0 helmet (worn)
 B - a +0 plate armour (worn)
Jewellery
 a - a +4 ring of protection (left hand)
Wands
 u - a wand of flame (20)
 w - a wand of digging (4)
 y - a wand of paralysis (28)
Scrolls
 c - 4 scrolls of teleportation {unknown}
 f - 2 scrolls of amnesia {unknown}
 j - a scroll of blinking {unknown}
 m - 2 scrolls of fog {unknown}
 n - 2 scrolls of enchant weapon {unknown}
 p - 5 scrolls of identify {unknown}
 A - a scroll of magic mapping {unknown}
Potions
 b - 2 potions of mutation {!q}
 d - a potion of attraction {unknown}
 e - 3 potions of brilliance {unknown}
 g - a potion of experience {unknown}
 l - a potion of lignification {unknown}
 o - a potion of berserk rage {unknown}
 q - a potion of magic {unknown}
 r - a potion of degeneration {unknown}
 s - a potion of curing {unknown}
 z - a potion of flight {unknown}
 E - a potion of resistance {unknown}
 F - a potion of haste {unknown}


   Skills:
 - Level 3.0 Fighting
 + Level 14.5 Axes
 - Level 1.7 Armour
 - Level 1.7 Dodging


You had 9 spell levels left.
You didn't know any spells.
Your spell library was empty.

Dungeon Overview and Level Annotations

Branches:
Dungeon (9/15)             Temple (0/1) D:6             Orc (0/2) D:9
   Lair: D:8-11

Altars:
Sif Muna
The Shining One


Innate Abilities, Weirdness & Mutations

You have large cloven feet.
You regenerate a little health from kills.
A meltable shield of frost defends you. (SH +0)
You possess an exceptional clarity of mind.
Your body sometimes deteriorates upon taking damage.


Message History

You see here a basilisk corpse.
You barely miss the centaur warrior. You kick the centaur warrior.
The centaur warrior is lightly wounded.
The centaur warrior hits you with a +0 quarterstaff!
The centaur warrior kicks you but does no damage.
You barely miss the centaur warrior. Your kick misses the centaur warrior.
The centaur warrior is lightly wounded.
The centaur warrior hits you with a +0 quarterstaff.
The centaur warrior kicks you but does no damage.
The centaur warrior barely misses you.
The centaur warrior kicks you but does no damage.
You slash the centaur warrior!
The centaur warrior is poisoned.
You kick the centaur warrior.
The centaur warrior is moderately wounded.
The centaur warrior hits you with a +0 quarterstaff.
The centaur warrior kicks you but does no damage.
The centaur warrior hits you with a +0 quarterstaff!
* * * LOW HITPOINT WARNING * * *
The centaur warrior kicks you but does no damage.
You slash the centaur warrior!
The centaur warrior looks as sick as possible!
You kick the centaur warrior, but do no damage.
The centaur warrior is heavily wounded.
The centaur warrior hits you but does no damage.
The centaur warrior kicks you but does no damage.
The centaur warrior hits you with a +0 quarterstaff.
* * * LOW HITPOINT WARNING * * *
The centaur warrior kicks you but does no damage.
You closely miss the centaur warrior. Your kick misses the centaur warrior.
The centaur warrior is heavily wounded.
The centaur warrior hits you but does no damage.
The centaur warrior kicks you.
* * * LOW HITPOINT WARNING * * *
The centaur warrior hits you with a +0 quarterstaff!
* * * LOW HITPOINT WARNING * * *
The centaur warrior kicks you but does no damage.
It was a potion of mutation.
You feel extremely strange.
You feel yourself wasting away.
Your thoughts seem clearer.
The centaur warrior hits you with a +0 quarterstaff!
You die... ▒▒▒▒▒▒▒▒▒▒▒▒▒▒▒▒▒▒▒ ···············c@<▒ ▒▒▒▒▒▒▒▒▒▒▒▒▒▒▒▒▒▒▒

You could see a centaur warrior (extremely poisoned).

Vanquished Creatures
  Gastronok (D:9)
  A two-headed ogre (D:8)
  A deep elf pyromancer (D:8)
  2 trolls
  Sigmund (D:2)
  A basilisk (D:9)
  Eustachio (D:4)
  Menkaure (D:5)
  Edmund (D:4)
  Duvessa (D:7)
  A water moccasin (D:7)
  2 ice beasts (D:7)
  2 black bears
  2 necrophages
  5 ogres
  2 centaurs
  4 phantoms
  A bullfrog (D:7)
  A scorpion (D:5)
  Dowan (D:7)
  A wyvern skeleton (D:7)
  A howler monkey (D:6)
  2 bullfrog zombies
  3 centaur zombies
  A hound (D:7)
  A centaur skeleton (D:5)
  A gnoll shaman (D:4)
  5 orc priests
  Crazy Yiuf (D:2)
  Ijyb (D:5)
  3 iguanas
  4 orc wizards
  10 gnolls
  3 adders
  2 shadow imps (D:6)
  2 ufetubi
  An adder skeleton (D:4)
  A worm (D:2)
  2 dart slugs (D:1)
  20 orcs
  5 ball pythons
  4 endoplasms
  3 giant cockroaches
  6 goblins
  5 hobgoblins
  3 jackals (D:1)
  3 quokkas
  4 bats
  2 frilled lizards
  8 kobolds
  A rat (D:2)
141 creatures vanquished.

Vanquished Creatures (others)
  5 plants (D:2)
5 creatures vanquished.

Grand Total: 146 creatures vanquished

Notes
Turn   | Place    | Note
-------+----------+-------------------------------------------
     0 | D:1      | Azzok the Demonspawn Berserker began the quest for the Orb.
     0 | D:1      | Reached XP level 1. HP: 18/18 MP: 1/1
   108 | D:1      | Reached skill level 3 in Axes
   117 | D:1      | Gained mutation: A meltable shield of frost defends you.
                  | (SH +0) [demonic ancestry]
   117 | D:1      | Reached XP level 2. HP: 11/24 MP: 2/2
   708 | D:1      | Gained mutation: You have large cloven feet. [demonic
                  | ancestry]
   708 | D:1      | Reached XP level 3. HP: 23/29 MP: 3/3
   813 | D:2      | Found a shimmering blue altar of Sif Muna.
  1045 | D:2      | Noticed Sigmund
  1054 | D:2      | Killed Sigmund
  1055 | D:2      | Reached skill level 5 in Axes
  1055 | D:2      | Reached XP level 4. HP: 35/35 MP: 4/4
  1055 | D:2      | Reached XP level 5. HP: 41/41 MP: 5/5
  1185 | D:2      | Reached ** piety under Trog
  1611 | D:2      | Found a runed translucent door.
  1612 | D:2      | Noticed Crazy Yiuf
  1618 | D:2      | Killed Crazy Yiuf
  1619 | D:2      | Reached skill level 6 in Axes
  1850 | D:3      | Reached XP level 6. HP: 39/47 MP: 6/6
  2339 | D:3      | Found a faded altar of an unknown god.
  2514 | D:4      | Noticed Eustachio
  2526 | D:4      | Killed Eustachio
  2527 | D:4      | Reached skill level 7 in Axes
  2527 | D:4      | Reached XP level 7. HP: 52/52 MP: 7/7
  3108 | D:4      | Reached skill level 8 in Axes
  4014 | D:4      | Noticed Edmund
  4024 | D:4      | Killed Edmund
  4025 | D:4      | Reached skill level 9 in Axes
  4025 | D:4      | Gained mutation: You regenerate a little health from kills.
                  | [demonic ancestry]
  4025 | D:4      | Reached XP level 8. HP: 36/58 MP: 8/8
  4256 | D:5      | Entered Level 5 of the Dungeon
  4417 | D:5      | Reached *** piety under Trog
  4464 | D:5      | Noticed Menkaure
  4478 | D:5      | Killed Menkaure
  4479 | D:5      | Reached skill level 10 in Axes
  4821 | D:5      | Noticed Ijyb
  4833 | D:5      | Killed Ijyb
  5513 | D:6      | Reached skill level 11 in Axes
  5602 | D:6      | Reached XP level 9. HP: 51/63 MP: 9/9
  6190 | D:6      | Found a staircase to the Ecumenical Temple.
  6296 | D:7      | Noticed Dowan
  6297 | D:7      | Noticed Duvessa
  6304 | D:7      | Killed Duvessa
  6304 | D:7      | Killed Dowan
  6363 | D:7      | Reached skill level 12 in Axes
  6438 | D:7      | You fall into a shaft and drop 2 floors!
  6477 | D:9      | Found a staircase to the Orcish Mines.
  6477 | D:9      | Noticed Gastronok
  6487 | D:9      | Reached **** piety under Trog
  6493 | D:9      | Killed Gastronok
  6494 | D:9      | Reached skill level 13 in Axes
  6494 | D:9      | Reached XP level 10. HP: 58/70 MP: 10/10
  6729 | D:8      | Noticed a two-headed ogre
  6732 | D:8      | Noticed a deep elf pyromancer
  6738 | D:8      | Killed a two-headed ogre
  6739 | D:8      | Reached skill level 14 in Axes
  6740 | D:8      | Noticed a centaur warrior
  6744 | D:8      | Killed a deep elf pyromancer
  7044 | D:9      | Gained mutation: Your body sometimes deteriorates upon
                  | taking damage. [potion of mutation]
  7044 | D:9      | Gained mutation: You possess an exceptional clarity of
                  | mind. [potion of mutation]
  7044 | D:9      | Slain by a centaur warrior

Illustrated notes

Levels and vault maps discovered:
D:1:      grunt_arrival_lava_bath, layout_basic, hangedman_decor_lopped
D:2:      cheibrodos_helix_gallery, layout_loops_ring, basic_altar,
          serial_bayou_crossing, uniq_crazy_yiuf_cottage, uniq_sigmund
D:3:      layout_basic, basic_ecumenical_altar
D:4:      layout_loops_corners, kennysheep_mini, uniq_eustachio, uniq_edmund
D:5:      layout_rooms, uniq_menkaure, uniq_ijyb
D:6:      layout_gridville, temple_hall
D:7:      layout_rooms, lemuel_tele_altar, chequers_serial_rivers_marsh,
          hellmonk_bongcloud_opening, uniq_duvessa
D:8:      minmay_bloctagon_deflated, layout_rooms, special_room
          [special_room_orc], ldierk_geyser, minmay_between, uniq_harold
D:9:      layout_basic, chequers_temple_overflow_minitemple, david_orc_2,
          uniq_prince_ribbit1, uniq_gastronok, uniq_grum

Skill      XL: |  1  2  3  4  5  6  7  8  9 10 |
---------------+-------------------------------+-----
Axes           | 3 5 6 7 9 11 13 14 | 14.5
Fighting       | |  3.0
Armour         | |  1.7
Dodging        | |  1.7

Action                   |  1- 3 |  4- 6 |  7- 9 | 10-12 || total
-------------------------+-------+-------+-------+-------++-------
Melee: War axe           |    58 |    80 |   243 |    26 ||   407
       Kick              |     3 |    21 |    81 |    14 ||   119
Invok: Berserk           |     1 |     2 |     6 |     2 ||    11
  Use: Potion            |       |       |       |     1 ||     1
Armor: Ring mail         |    24 |       |       |       ||    24
       Chain mail        |       |    39 |    72 |       ||   111
       Plate armour      |       |       |    52 |    62 ||   114
Dodge: Dodged            |    50 |    28 |    96 |    25 ||   199
Block: Other             |    13 |    17 |    46 |     3 ||    79

Table legend: (Time is in decaauts)
 A = Elapsed time spent in this place.
 B = Non-inter-level travel time spent in this place.
 C = Inter-level travel time spent in this place.
 D = Time resting spent in this place.
 E = Time spent auto-exploring this place.
 F = Levels seen in this place.
 G = Mean time per level.
                   A        B        C        D        E       F      G
               +--------+--------+--------+--------+--------+-----+--------+
         Total |   7194 |   7016 |    178 |   1348 |   4599 |   9 |  799.3 |
       Dungeon |   7194 |   7016 |    178 |   1348 |   4599 |   9 |  799.3 |
               +--------+--------+--------+--------+--------+-----+--------+

Top non-repeatable levels by time:
     D:4: 1788 daAuts
     D:6: 1385 daAuts
     D:2: 1033 daAuts
     D:1: 810 daAuts
     D:3: 702 daAuts
     D:5: 668 daAuts
     D:9: 635 daAuts
     D:7: 147 daAuts
     D:8: 22 daAuts
